 Dungeon Crawl Stone Soup version 0.29-a0-520-gc852659d43 (webtiles) character file.

Game seed: 9038763988459926244

688 bande the Shield-Bearer (level 7, -1/44 HPs)
             Began as a Gargoyle Fighter on May 31, 2022.
             Was an Initiate of Okawaru.
             Slain by an orc warrior
             ... wielding a +0 long sword
              (10 damage)
             ... on level 5 of the Dungeon.
             The game lasted 00:07:01 (4498 turns).

bande the Shield-Bearer (Gargoyle Fighter)          Turns: 4498, Time: 00:07:01

Health: -1/44      AC: 26    Str: 20    XL:     7   Next: 63%
Magic:  7/7        EV:  4    Int:  8    God:    Okawaru [......]
Gold:   1100       SH: 14    Dex: 11    Spells: 6/6 levels left

rFire   . . .      SeeInvis .   a - +1 war axe
rCold   . . .      Faith    .   j - +1 tower shield
rNeg    + . .      Spirit   .   v - +0 chain mail
rPois   ∞          Reflect  .   h - +0 helmet
rElec   +          Harm     .   m - +0 cloak
rCorr   .          Rampage  .   b - +0 pair of gloves
Will    .....                   (no boots)
Stlth   ..........              (no amulet)
HPRegen 0.14/turn               c - +4 ring of protection
MPRegen 0.10/turn               g - +4 ring of protection

@: mighty
A: sickness immunity, AC +4, negative energy resistance 1, electricity
resistance, torment resistance 1, petrification resistance
a: Renounce Religion


You were on level 5 of the Dungeon.
You worshipped Okawaru.
Okawaru was noncommittal.
You visited 2 branches of the dungeon, and saw 6 of its levels.

You collected 1100 gold pieces.

Inventory:

Hand Weapons
 a - a +1 war axe (weapon)
 B - a +2 flail of protection
Missiles
 k - 2 throwing nets (quivered)
Armour
 b - a +0 pair of gloves (worn)
 h - a +0 helmet (worn)
 j - a +1 tower shield (worn)
 m - a +0 cloak (worn)
 v - a +0 chain mail (worn)
Jewellery
 c - a +4 ring of protection (left hand)
 f - an amulet of faith
 g - a +4 ring of protection (right hand)
 r - a +6 ring of dexterity
 x - a ring of flight
Wands
 y - a wand of polymorph (7)
Scrolls
 e - a scroll of silence
 s - a scroll of enchant weapon
 A - a scroll of enchant armour
Potions
 i - 2 potions of curing
 l - a potion of resistance
 t - 2 potions of haste {unknown}
 u - a potion of heal wounds {unknown}
 z - a potion of lignification {unknown}


   Skills:
 + Level 4.7 Fighting
 + Level 5.1 Axes
 + Level 4.5 Armour
 - Level 0.1 Dodging
 + Level 5.2 Shields
 * Level 1.1 Invocations
 * Level 0.8 Evocations


You had 6 spell levels left.
You didn't know any spells.
Your spell library contained the following spells:

 Spells                   Type           Power      Damage    Failure   Level
 Ignite Poison            Fire/Tmut/Pois 0%         N/A       100%        3
 Mephitic Cloud           Conj/Pois/Air  0%         N/A       100%        3
 Freezing Cloud           Conj/Ice/Air   0%         6-21      100%        5


Dungeon Overview and Level Annotations

Branches:
Dungeon (5/15)             Temple (1/1) D:4

Altars:
Ashenzari
Cheibriados
Dithmenos
Gozag
Okawaru
Vehumet
Yredelemnul
Lugonu

Portals:
Abyss: D:4

Annotations:
D:4 2 runed translucent doors, DocClef's ghost, amateur GnDe


Innate Abilities, Weirdness & Mutations

You are immune to sickness and miasma.
Your stone body is resilient. (AC +4)
You are immune to poison.
You resist negative energy. (rN+)
You are resistant to electric shocks. (rElec)
You are resistant to unholy torment.
You are immune to petrification.


Message History

* * * LOW HITPOINT WARNING * * *
You block the orc warrior's attack. The orc hits you but does no damage.
You hit the orc warrior.
The orc warrior is lightly wounded.
You completely miss the orc. You block the orc warrior's attack.
The orc hits you but does no damage.
The orc warrior hits you but does no damage.
The orc hits you but does no damage.
You barely miss the orc warrior.
The orc warrior is lightly wounded.
You hit the orc. The orc warrior barely misses you.
The orc hits you but does no damage.
You barely miss the orc warrior.
The orc warrior is lightly wounded.
You closely miss the orc.
The orc warrior hits you but does no damage.
You block the orc's attack.
The orc warrior hits you with a +0 long sword!
* * * LOW HITPOINT WARNING * * *
You block the orc's attack.
You feel better.
The orc warrior hits you but does no damage.
You block the orc's attack.
You feel very mighty all of a sudden. You block the orc warrior's attack.
The orc hits you but does no damage.
You closely miss the orc warrior.
The orc warrior is lightly wounded.
You slash the orc!
You kill the orc!
Okawaru accepts your kill. You block the orc warrior's attack.
Unknown command.
You hit the orc warrior but do no damage.
The orc warrior is lightly wounded.
You block the orc warrior's attack.
The orc warrior hits you but does no damage.
You closely miss the orc warrior.
The orc warrior is lightly wounded.
The orc warrior hits you with a +0 long sword!
You die...

## . #. #.#.#.###
#.....)o# #@#
####.#
.#.####....#.#.#
.........†........
##.####.#....#.###
#......#....#
#####..####.# #..#
... ####..########


You could see an orc warrior.

Vanquished Creatures
  Edmund (D:5)
  2 ogres (D:4)
  An orc priest (D:5)
  A hound (D:4)
  A gnoll shaman (D:4)
  Crazy Yiuf (D:2)
  An iguana (D:5)
  An orc wizard (D:3)
  2 adders
  14 gnolls
  A worm (D:2)
  3 dart slugs (D:1)
  9 orcs
  3 ball pythons
  4 bats
  5 endoplasms
  2 giant cockroaches
  5 goblins
  3 hobgoblins
  5 quokkas
  2 frilled lizards
  7 kobolds
  6 rats
  A lurking horror (D:4)
81 creatures vanquished.

Vanquished Creatures (others)
  A lurking horror (D:4)
1 creature vanquished.

Grand Total: 82 creatures vanquished

Notes
Turn   | Place    | Note
-------+----------+-------------------------------------------
     0 | D:1      | bande the Gargoyle Fighter began the quest for the Orb.
     0 | D:1      | Reached XP level 1. HP: 14/14 MP: 1/1
   184 | D:1      | Reached XP level 2. HP: 17/19 MP: 2/2
   552 | D:1      | Reached XP level 3. HP: 24/24 MP: 3/3
   553 | D:1      | Identified a scroll of acquirement
   553 | D:1      | Acquired 857 gold pieces
  1364 | D:2      | Found a runed translucent door.
  1365 | D:2      | Noticed Crazy Yiuf
  1631 | D:2      | Killed Crazy Yiuf
  1632 | D:2      | Reached XP level 4. HP: 14/29 MP: 2/4
  2147 | D:3      | Reached XP level 5. HP: 33/33 MP: 5/5
  2429 | D:3      | Found a faded altar of an unknown god.
  2432 | D:3      | Noticed an eye of devastation
  2432 | D:3      | Noticed a floating eye
  2442 | D:3      | Noticed a golden eye
  2475 | D:3      | Noticed a shining eye
  2478 | D:3      | Identified the +5 leather armour "Quzicloax" {Str-5 Dex+5}
  2699 | D:4      | Found a runed translucent door.
  2736 | D:4      | Noticed an ogre
  2743 | D:4      | Killed an ogre
  2744 | D:4      | Reached XP level 6. HP: 32/38 MP: 6/6
  3039 | D:4      | Noticed DocClef's ghost (amateur GnDe)
  3149 | D:4      | Found a corrupted altar of Lugonu.
  3149 | D:4      | Found a one-way gate to the infinite horrors of the Abyss.
  3533 | D:4      | Reached XP level 7. HP: 44/44 MP: 7/7
  3590 | D:4      | Reached skill level 5 in Shields
  3950 | D:4      | Found a runed translucent door.
  4087 | D:4      | Found a staircase to the Ecumenical Temple.
  4093 | Temple   | Entered the Ecumenical Temple
  4195 | Temple   | Became a worshipper of Warmaster Okawaru
  4360 | D:5      | Entered Level 5 of the Dungeon
  4360 | D:5      | Noticed Edmund
  4385 | D:5      | Killed Edmund
  4386 | D:5      | Reached skill level 5 in Axes
  4477 | D:5      | Reached skill level 1 in Invocations
  4498 | D:5      | Slain by an orc warrior

Illustrated notes

Levels and vault maps discovered:
D:1:      dpeg_arrival_three_same_balls, layout_basic, serial_glass,
          glass_columns_c, glass_columns_b, glass_columns_b, glass_columns_c,
          glass_columns_a, glass_columns_a, minmay_strange_pillars,
          item_on_display_a, feat_on_display, item_on_display_b,
          minmay_surrounded
D:2:      layout_basic, uniq_crazy_yiuf_cottage
D:3:      layout_rooms, hellmonk_ecumenical_altar_watching_god
D:4:      layout_basic, minmay_temple_entry_nine_rooms, ebering_ghost_sewer_f,
          amcnicky_altar_lugonu_corruption
D:5:      layout_basic, uniq_edmund, uniq_menkaure
Temple:   roderic_octagonal_lattice_temple

Skill      XL: |  1  2  3  4  5  6  7 |
---------------+----------------------+-----
Axes           | 2 3 4 5 |  5.1
Shields        | 4 5 |  5.2
Fighting       | 4 |  4.7
Armour         | 4 |  4.5
Invocations    | 1 |  1.1
Dodging        | |  0.1
Evocations     | |  0.8

Action                   |  1- 3 |  4- 6 |  7- 9 || total
-------------------------+-------+-------+-------++-------
Melee: War axe           |   100 |    81 |    63 ||   244
  Use: Scroll            |     4 |     2 |     3 ||     9
       Potion            |       |       |     2 ||     2
Armor: Scale mail        |    64 |    24 |       ||    88
       Chain mail        |       |    31 |    48 ||    79
Dodge: Dodged            |    23 |    19 |    12 ||    54
Block: Buckler           |     8 |       |       ||     8
       Tower shield      |    64 |    91 |    58 ||   213

Table legend: (Time is in decaauts)
 A = Elapsed time spent in this place.
 B = Non-inter-level travel time spent in this place.
 C = Inter-level travel time spent in this place.
 D = Time resting spent in this place.
 E = Time spent auto-exploring this place.
 F = Levels seen in this place.
 G = Mean time per level.
                   A        B        C        D        E       F      G
               +--------+--------+--------+--------+--------+-----+--------+
         Total |   4660 |   4445 |    215 |    853 |   2755 |   6 |  776.7 |
       Dungeon |   4536 |   4371 |    165 |    853 |   2690 |   5 |  907.2 |
        Temple |    123 |     73 |     50 |      0 |     65 |   1 |  123.0 |
               +--------+--------+--------+--------+--------+-----+--------+

Top non-repeatable levels by time:
     D:4: 1598 daAuts
     D:2: 1444 daAuts
     D:1: 764 daAuts
     D:3: 562 daAuts
     D:5: 166 daAuts
  Temple: 123 daAuts
